PCL
GRESHAM GOLD SOULS @ SANTA MONICA BRUINS
09/24/2028
 
TOP OF THE 1ST
Gresham Gold Souls batting - Pitching for Santa Monica Bruins : LHP Rafael Alemán
Pitching: LHP Rafael Alemán
Batting: LHB Nick Scott 0-0: Foul Ball, location: 2F
0-1: Ball
1-1: Ball
2-1: Foul Ball, location: 2F
2-2: Ball
3-2: SOLO HOME RUN (Flyball, 9D), Distance : 355 ft
Batting: SHB Sean Carr 0-0: Ball
1-0: Swinging Strike
1-1: Ground out 4-3 (Groundball, 4M)
Batting: RHB Mario Méndez 0-0: Called Strike
0-1: Ball
1-1: Called Strike
1-2: Foul Ball, location: 2F
1-2: Foul Ball, location: 2F
1-2: DOUBLE (Flyball, 7D)
Batting: LHB Chance Santry 0-0: Ball
1-0: Called Strike
1-1: Ball
2-1: Ball
3-1: Base on Balls
Batting: LHB Millard Dye 0-0: Called Strike
0-1: Swinging Strike
0-2: Ball
1-2: Strikes out swinging
Batting: RHB Willie Houk 0-0: Called Strike
0-1: Ball
1-1: Ball
2-1: Fly out, F8 (Flyball, 8LXD)
Top of the 1st over - 1 run(s), 2 hit(s), 0 error(s), 2 left on base; Gresham 1 - Santa Monica 0
BOTTOM OF THE 1ST
Santa Monica Bruins batting - Pitching for Gresham Gold Souls : RHP Jamal Clayton
Pitching: RHP Jamal Clayton
Batting: RHB Javier González 0-0: Called Strike
0-1: Called Strike
0-2: Ball
1-2: Fly out, F7 (Flyball, 7S)
Batting: SHB Zach Franks 0-0: Foul Ball, location: 2F
0-1: SINGLE (Line Drive, 34D)
Batting: LHB Ken Phillips 0-0: Called Strike
0-1: Ball
1-1: Foul Ball, location: 2F
1-2: Foul Ball, location: 2F
1-2: Ball
2-2: Foul Ball, location: 2F
2-2: Grounds into double play, 4-3-6 (Groundball, 34)
Bottom of the 1st over - 0 run(s), 1 hit(s), 0 error(s), 0 left on base; Gresham 1 - Santa Monica 0
TOP OF THE 2ND
Gresham Gold Souls batting - Pitching for Santa Monica Bruins : LHP Rafael Alemán
Batting: RHB Luke McIndoe 0-0: Ground out 6-3 (Groundball, 6)
Batting: RHB Gustavo Pagán 0-0: Ball
1-0: Called Strike
1-1: Called Strike
1-2: Ball
2-2: Ball
3-2: Foul Ball, location: 2F
3-2: Strikes out looking
Batting: RHB David Kerr 0-0: Swinging Strike
0-1: Ball
1-1: Ball
2-1: Called Strike
2-2: Foul Ball, location: 2F
2-2: Ball
3-2: Strikes out swinging
Top of the 2nd over - 0 run(s), 0 hit(s), 0 error(s), 0 left on base; Gresham 1 - Santa Monica 0
BOTTOM OF THE 2ND
Santa Monica Bruins batting - Pitching for Gresham Gold Souls : RHP Jamal Clayton
Batting: LHB Ethan Shaw 0-0: SINGLE (Groundball, 4MS) (infield hit)
Batting: RHB Jake Reeves 0-0: Ball
1-0: Foul Ball, location: 2F
1-1: Ball
2-1: Grounds into double play, 5-4-3 (Groundball, 5L)
Batting: SHB Adrián Nieto 0-0: Foul Ball, location: 2F
0-1: Ground out 3-1 (Groundball, 34)
Bottom of the 2nd over - 0 run(s), 1 hit(s), 0 error(s), 0 left on base; Gresham 1 - Santa Monica 0
TOP OF THE 3RD
Gresham Gold Souls batting - Pitching for Santa Monica Bruins : LHP Rafael Alemán
Batting: LHB Nick Scott 0-0: Ball
1-0: Called Strike
1-1: Ball
2-1: Ball
3-1: Foul Ball, location: 2F
3-2: Strikes out swinging
Batting: SHB Sean Carr 0-0: Called Strike
0-1: Foul Ball, location: 2F
0-2: Ball
1-2: Ball
2-2: Ground out 4-3 (Groundball, 4)
Batting: RHB Mario Méndez 0-0: Foul Ball, location: 2F
0-1: Called Strike
0-2: Ball
1-2: Foul Ball, location: 2F
1-2: Ground out 5-3 (Groundball, 5L)
Top of the 3rd over - 0 run(s), 0 hit(s), 0 error(s), 0 left on base; Gresham 1 - Santa Monica 0
BOTTOM OF THE 3RD
Santa Monica Bruins batting - Pitching for Gresham Gold Souls : RHP Jamal Clayton
Batting: RHB Ernest Russell 0-0: SINGLE (Flyball, 89S)
Batting: RHB Bonifacio Torres 0-0: Ball
1-0: Ball
Ernest Russell is caught stealing 2nd base
2-0: Ball
3-0: Called Strike
3-1: Foul Ball, location: 2F
3-2: Fly out, F8 (Flyball, 8RD)
Batting: RHB John Nelson 0-0: Called Strike
0-1: Ball
1-1: Fly out, F3 (Popup, 3S)
Bottom of the 3rd over - 0 run(s), 1 hit(s), 0 error(s), 0 left on base; Gresham 1 - Santa Monica 0
TOP OF THE 4TH
Gresham Gold Souls batting - Pitching for Santa Monica Bruins : LHP Rafael Alemán
Batting: LHB Chance Santry 0-0: Called Strike
0-1: DOUBLE (Line Drive, 89XD)
Batting: LHB Millard Dye 0-0: Foul Ball, location: 2F
0-1: Ball
1-1: Ball
2-1: Swinging Strike
2-2: Ball
3-2: Strikes out swinging
Batting: RHB Willie Houk 0-0: Intentional Walk
Batting: RHB Luke McIndoe 0-0: Swinging Strike
0-1: DOUBLE (Line Drive, 78M)
Chance Santry scores
Willie Houk to third
Runner from 3rd tries for Home, SAFE, throw made home
Batting: RHB Gustavo Pagán 0-0: Intentional Walk
Batting: RHB David Kerr 0-0: Grounds into double play, 1-4-3 (Groundball, 15S)
Top of the 4th over - 2 run(s), 2 hit(s), 0 error(s), 1 left on base; Gresham 3 - Santa Monica 0
BOTTOM OF THE 4TH
Santa Monica Bruins batting - Pitching for Gresham Gold Souls : RHP Jamal Clayton
Batting: RHB Javier González 0-0: Bunt missed!
0-1: Fly out, F6 (Line Drive, 6)
Batting: SHB Zach Franks 0-0: SINGLE (Groundball, 34D)
Batting: LHB Ken Phillips 0-0: Ball
1-0: Ball
2-0: Foul Ball, location: 2F
2-1: Foul Ball, location: 2F
2-2: Foul Ball, location: 2F
2-2: Fly out, F8 (Flyball, 8LM)
Batting: LHB Ethan Shaw 0-0: Ball
1-0: SINGLE (Flyball, 8LS)
Zach Franks to second
Batting: RHB Jake Reeves 0-0: Called Strike
0-1: Swinging Strike
0-2: Strikes out looking
Bottom of the 4th over - 0 run(s), 2 hit(s), 0 error(s), 2 left on base; Gresham 3 - Santa Monica 0
TOP OF THE 5TH
Gresham Gold Souls batting - Pitching for Santa Monica Bruins : LHP Rafael Alemán
Batting: LHB Nick Scott 0-0: Called Strike
0-1: Swinging Strike
0-2: Foul Ball, location: 2F
0-2: Strikes out swinging
Batting: SHB Sean Carr 0-0: Called Strike
0-1: Swinging Strike
0-2: Strikes out swinging
Batting: RHB Mario Méndez 0-0: Swinging Strike
0-1: Ball
1-1: Foul Ball, location: 2F
1-2: SINGLE (Groundball, 5D)
Batting: LHB Chance Santry 0-0: Ball
1-0: Called Strike
1-1: Swinging Strike
1-2: Strikes out swinging
Top of the 5th over - 0 run(s), 1 hit(s), 0 error(s), 1 left on base; Gresham 3 - Santa Monica 0
BOTTOM OF THE 5TH
Santa Monica Bruins batting - Pitching for Gresham Gold Souls : RHP Jamal Clayton
Batting: SHB Adrián Nieto 0-0: Called Strike
0-1: Swinging Strike
0-2: Strikes out swinging
Batting: RHB Ernest Russell 0-0: Fly out, F8 (Flyball, 8RD)
Batting: RHB Bonifacio Torres 0-0: Called Strike
0-1: Foul Ball, location: 2F
0-2: DOUBLE (Flyball, 89XD)
Batting: RHB John Nelson 0-0: Ball
1-0: Called Strike
1-1: Swinging Strike
1-2: SINGLE (Groundball, 4MD)
Bonifacio Torres to third
Runner from 3rd tries for Home, SAFE, no throw
Batting: RHB Javier González 0-0: Ball
John Nelson is caught stealing 2nd base
Bottom of the 5th over - 1 run(s), 2 hit(s), 0 error(s), 0 left on base; Gresham 3 - Santa Monica 1
TOP OF THE 6TH
Gresham Gold Souls batting - Pitching for Santa Monica Bruins : LHP Rafael Alemán
Pitching: LHP Don Sutherland
Batting: LHB Millard Dye 0-0: Ball
1-0: Fly out, F4 (Popup, 4MD)
Batting: RHB Willie Houk 0-0: Called Strike
0-1: Swinging Strike
0-2: Strikes out swinging
Batting: RHB Luke McIndoe 0-0: Called Strike
0-1: Ground out 6-3 (Groundball, 6)
Top of the 6th over - 0 run(s), 0 hit(s), 0 error(s), 0 left on base; Gresham 3 - Santa Monica 1
BOTTOM OF THE 6TH
Santa Monica Bruins batting - Pitching for Gresham Gold Souls : RHP Jamal Clayton
Batting: RHB Javier González 0-0: Called Strike
0-1: Ball
1-1: Fly out, F8 (Flyball, 8RD)
Batting: SHB Zach Franks 0-0: Fly out, F7 (Flyball, 7S)
Batting: LHB Ken Phillips 0-0: Ground out U3 (Groundball, 3)
Bottom of the 6th over - 0 run(s), 0 hit(s), 0 error(s), 0 left on base; Gresham 3 - Santa Monica 1
TOP OF THE 7TH
Gresham Gold Souls batting - Pitching for Santa Monica Bruins : LHP Don Sutherland
Batting: RHB Gustavo Pagán 0-0: Swinging Strike
0-1: Called Strike
0-2: Strikes out swinging
Batting: RHB David Kerr 0-0: Ball
1-0: Ball
2-0: Called Strike
2-1: Ball
3-1: Foul Ball, location: 2F
3-2: Foul Ball, location: 2F
3-2: Base on Balls
Batting: LHB Nick Scott 0-0: Called Strike
0-1: Ball
1-1: Fly out, F2 (Popup, 25)
Batting: SHB Sean Carr 0-0: Ball
1-0: Fielders Choice at 2nd, 6-4 (Groundball, 6)
Top of the 7th over - 0 run(s), 0 hit(s), 0 error(s), 0 left on base; Gresham 3 - Santa Monica 1
BOTTOM OF THE 7TH
Santa Monica Bruins batting - Pitching for Gresham Gold Souls : RHP Jamal Clayton
Batting: LHB Ethan Shaw 0-0: Foul Ball, location: 2F
0-1: Ball
1-1: Ball
2-1: Fly out, F8 (Line Drive, 8RM)
Batting: RHB Jake Reeves 0-0: Ball
1-0: Ground out 5-3 (Groundball, 56)
Batting: SHB Adrián Nieto 0-0: Foul Ball, location: 2F
0-1: Ball
1-1: Ball
2-1: Ground out 3-1 (Groundball, 34)
Bottom of the 7th over - 0 run(s), 0 hit(s), 0 error(s), 0 left on base; Gresham 3 - Santa Monica 1
TOP OF THE 8TH
Gresham Gold Souls batting - Pitching for Santa Monica Bruins : LHP Don Sutherland
Batting: RHB Mario Méndez 0-0: Swinging Strike
0-1: Ball
1-1: Ball
2-1: Swinging Strike
2-2: Strikes out swinging
Batting: LHB Chance Santry 0-0: SINGLE (Groundball, 4MD)
Batting: LHB Millard Dye 0-0: Ball
1-0: Ball
2-0: SINGLE (Flyball, 7S)
Chance Santry to second
Pitching: RHP Martín Ortíz
Pinch Hitting: RHB Matt Davidson 0-0: Swinging Strike
0-1: Ball
1-1: Ball
2-1: Swinging Strike
2-2: Ball
3-2: Base on Balls
Chance Santry to third
Millard Dye to second
Pinch Hitting: SHB Todd Smith 0-0: Swinging Strike
0-1: Ball
1-1: SINGLE (Groundball, 6MD)
Chance Santry scores
Millard Dye to third
Matt Davidson to second
Runner from 3rd tries for Home, SAFE, throw made home
Matt Davidson to third
Todd Smith to second
Batting: RHB Gustavo Pagán 0-0: Intentional Walk
Batting: RHB David Kerr 0-0: Ball
1-0: DOUBLE (Line Drive, 7LS)
Matt Davidson scores
Todd Smith scores
Gustavo Pagán to third
Batting: LHB Nick Scott 0-0: Ball
1-0: Foul Ball, location: 2F
1-1: Foul Ball, location: 2F
1-2: Ball
2-2: Ball
3-2: Fly out, F8 (Flyball, 8LM)
Runner from 3rd tags up, SCORES, throw made
Pitching: RHP Rick Hernández
Batting: SHB Sean Carr 0-0: Called Strike
0-1: Foul Ball, location: 2F
0-2: Foul Ball, location: 2F
0-2: Ball
1-2: Foul Ball, location: 2F
1-2: Ball
2-2: Strikes out swinging
Top of the 8th over - 5 run(s), 4 hit(s), 0 error(s), 1 left on base; Gresham 8 - Santa Monica 1
BOTTOM OF THE 8TH
Santa Monica Bruins batting - Pitching for Gresham Gold Souls : RHP Jamal Clayton
Now at 1B: Matt Davidson
Now at 3B: Francis Shaffer
Now in LF: Anthony Wells
Batting: RHB Ernest Russell 0-0: Called Strike
0-1: Called Strike
0-2: Ball
1-2: Fly out, F8 (Flyball, 8RS)
Batting: RHB Bonifacio Torres 0-0: Ball
1-0: SINGLE (Groundball, 56) (infield hit)
Batting: RHB John Nelson 0-0: Fly out, F1 (Line Drive, 13)
Batting: RHB Javier González 0-0: Ball
1-0: Ball
2-0: Fly out, F7 (Flyball, 78S)
Bottom of the 8th over - 0 run(s), 1 hit(s), 0 error(s), 1 left on base; Gresham 8 - Santa Monica 1
TOP OF THE 9TH
Gresham Gold Souls batting - Pitching for Santa Monica Bruins : RHP Rick Hernández
Pitching: RHP Dave Riley
Batting: RHB Mario Méndez 0-0: Ball
1-0: Ball
2-0: Foul Ball, location: 2F
2-1: Ball
3-1: Ground out 6-3 (Groundball, 6)
Batting: LHB Chance Santry 0-0: Called Strike
0-1: Ball
1-1: Swinging Strike
1-2: Foul Ball, location: 2F
1-2: Foul Ball, location: 2F
1-2: Ball
2-2: Strikes out swinging
Batting: LHB Millard Dye 0-0: Swinging Strike
0-1: Ball
1-1: Foul Ball, location: 2F
1-2: Foul Ball, location: 2F
1-2: Strikes out swinging
Top of the 9th over - 0 run(s), 0 hit(s), 0 error(s), 0 left on base; Gresham 8 - Santa Monica 1
BOTTOM OF THE 9TH
Santa Monica Bruins batting - Pitching for Gresham Gold Souls : RHP Jamal Clayton
Batting: SHB Zach Franks 0-0: Foul Ball, location: 2F
0-1: Fly out, F8 (Flyball, 8LM)
Batting: LHB Ken Phillips 0-0: Fly out, F8 (Flyball, 8RS)
Batting: LHB Ethan Shaw 0-0: Called Strike
0-1: Ground out 4-3 (Groundball, 34D)
Bottom of the 9th over - 0 run(s), 0 hit(s), 0 error(s), 0 left on base; Gresham 8 - Santa Monica 1
Tuesday, August 8th, 2017 - OOTP Baseball 17.12 Build 75